cohdb
Replays
Latest Replays
All Replays
Popular Replays
Top Player Replays
Match Explorer
How It Works
Community
CoH3 Stats
Reddit
Sign in to upload your games and track your stats! →
Sign in with Steam
Match 39847258
Unlisted
Match 39847258
Overview
Messages
Build Orders
End
Kradschützen Motorcycle Team
Kradschützen Motorcycle Team
Selects Armored Support Battlegroup
Panzergrenadier Squad
Panzergrenadier Squad
Construct Light Support Kompanie
Selects Superior Fire Drills
Fire Support Elements
Assault Mechanized Group
Flakvierling Half-track
Vehicle Survival Package
Selects Salvage Kits
Selects Panzer Storm
Veteran Squad Leaders
Panzerjäger Squad
le.IG 18 Support Gun Team
Pak 38 Mechanized Group
Pak 38 Anti-tank Gun Team
Construct Panzerarmee Kommand
Selects Flammpanzer III Medium Tank
Flammpanzer III Medium Tank
|Fury| Ry
insane
CoBrA <X-
N0.1
JENNKKO
Skyguy
John (mAsi) Vitutus
Zamalek.YT ✪
0
0
Comments
sign in to comment!
No comments posted yet!